 Dungeon Sprint DCSS version 0.24-a0-809-g71cb82dfb8 (webtiles) character file.

Game seed: 15725911113902816718, levelgen mode: deterministic

7300000 MisterOstroum the Conqueror (level 27, -20/273 HPs)
             Began as a Hill Orc Gladiator on Oct 11, 2019.
             Was the Champion of Makhleb.
             Demolished by a meat berserker
             ... wielding a +9 battleaxe
              (50 damage)
             ... in the Dungeon (Sprint VIII: "Arena of Blood").
             The game lasted 00:03:02 (73 turns).

MisterOstroum the Conqueror (Hill Orc Gladiator)      Turns: 73, Time: 00:03:03

Health: -20/273    AC:  8    Str: 30    XL:     27
Magic:  26/54      EV: 28    Int:  8    God:    Makhleb [******]
Gold:   0          SH:  0    Dex: 12    Spells: 80/80 levels left

rFire    . . .     SeeInvis .   l - +∞ Axe of Woe
rCold    . . .     Gourm    .   (shield currently unavailable)
rNeg     . . .     Faith    .   b - +0 leather armour
rPois    .         Spirit   .   c - +0 helmet
rElec    .         Reflect  .   (no cloak)
rCorr    .         Harm     .   (no gloves)
MR       ++...     NoTele   +   (no boots)
Stlth    +++++++++.             (no amulet)
HPRegen  0.55/turn              (no ring)
MPRegen  0.34/turn              (no ring)

@: no status effects
A: no striking features
a: Minor Destruction, Lesser Servant of Makhleb, Major Destruction, Greater
Servant of Makhleb, Renounce Religion


You were in the Dungeon.
You worshipped Makhleb.
Makhleb was exalted by your worship.
You were not hungry.

You visited 1 branch

Inventory:

Hand Weapons
 a - a +0 war axe
 l - the +∞ Axe of Woe (weapon)
   (You found it in the Dungeon)
Missiles
 d - 3 throwing nets (quivered) {!f}
Armour
 b - a +0 leather armour (worn)
 c - a +0 helmet (worn)
Scrolls
 k - a scroll of blinking {@r4}
Potions
 f - a potion of curing {@q1 !q}
 g - a potion of heal wounds {@q2 !q}
 i - 2 potions of magic
 j - a potion of berserk rage
Comestibles
 e - a ration


   Skills:
 O Level 27 Fighting
 O Level 27 Axes
 O Level 27 Throwing
 O Level 27 Armour
 O Level 27 Dodging
 O Level 27 Stealth
 O Level 27 Unarmed Combat
 O Level 27 Spellcasting
 O Level 27 Invocations


You had 80 spell levels left.
You didn't know any spells.
Your spell library was empty.

Dungeon Overview and Level Annotations

Branches:
Dungeon (1/1)

Altars:
Makhleb

Annotations:
D The Captor, The Servant


Message History

The bag of meat is engulfed in blazing flames.
Two crawling corpses merge to form a small abomination.
You hear a shout! x2
The destroyer is engulfed in blazing flames.
The destroyer blinks!
You hear a shout!
Press: ? - help, v - describe, . - travel
Here: The Captor, wielding a +9 triple sword of slicing and wearing a +200 ring of slaying (fast)
The floor.
Unknown command.
An orc and a vampire knight come into view.
The destroyer is wielding a +9 great sword of slicing.
You hear a shout! x3
A meat berserker comes into view. It is wielding a +9 battleaxe.
You hear a shout! x2
A meat berserker comes into view. It is wielding a +9 battleaxe.
You hear a shout! x2
The destroyer blinks!
You hear a shout!
The large abomination is engulfed in blazing flames.
The bag of meat is engulfed in blazing flames.
You hear a shout! x2
The bag of meat is engulfed in blazing flames.
You hear a shout!
The bag of meat moves out of view.
The destroyer shouts!
You hear an angry squeal.
A meat berserker comes into view. It is wielding a +9 battleaxe.
A two-headed ogre and a greater mummy come into view.
The tentacled monstrosity disappears in a puff of smoke!
You hear a shout! x4
A meat berserker comes into view. It is wielding a +9 battleaxe.
You hear a shout! x2
The destroyer is engulfed in blazing flames.
The destroyer hits you with a +9 great sword of slicing!!!
The destroyer bites you but does no damage.
The bag of meat is engulfed in blazing flames.
A dread comes into view.
The Servant is engulfed in blazing flames.
The Servant hits you from afar with a +9 glaive of flaming!!!!
* * * LOW HITPOINT WARNING * * *
The Servant burns you!!!
* * * LOW HITPOINT WARNING * * *
The meat berserker rages.
The large abomination is engulfed in blazing flames.
You hear a shout! x3
The large bag of meat is engulfed in blazing flames.
The bag of meat is engulfed in blazing flames.
You hear a shout!
A bag of meat comes into view. It is wielding a +9 war axe.
You hear a shout! x2
Unknown command.
You slice the bag of meat!!
You fatally mangle the bag of meat.
You kill the bag of meat!
Makhleb accepts your kill.
You feel better.
You dice the large bag of meat like an onion!!!
You butcher the large bag of meat messily.
The large bag of meat explodes!
The fiery explosion engulfs you!!!
* * * LOW HITPOINT WARNING * * *
Makhleb accepts your kill.
You hit the destroyer but do no damage.
You slaughter the destroyer joyfully.
You destroy the destroyer!
Makhleb accepts your kill.
You feel better.
You are engulfed in blazing flames.
* * * LOW HITPOINT WARNING * * *
You hear a shout! x2
A meat beast comes into view.
You hear a shout!
The tyrant waves its bony arms in wide circles.
The air twists around and strikes you!
* * * LOW HITPOINT WARNING * * *
You hear a shout! x2
A meat berserker comes into view. It is wielding a +9 battleaxe.
You hear a shout! x2
The bag of meat is engulfed in blazing flames.
You hear a shout! x4
The dread calls on the powers of darkness!
The meat berserker convulses!
The large bag of meat convulses!
The meat berserker convulses! x3; The Captor convulses!
Your body is wracked with pain!
* * * LOW HITPOINT WARNING * * *
You hear a shout!
A destroyer comes into view.
It is wielding a +9 great sword of slicing.
You hear a shout!
The destroyer blinks!
You hear a shout!
You hear a howl!
The meat beast trumpets!
You hear a shout!
Unknown command.
An ogre and a greater mummy come into view.
The meat berserker appears out of thin air!
A meat berserker comes into view. It is wielding a +9 battleaxe.
The meat berserker shouts!
The meat berserker rages.
You hear a shout!
The large bag of meat is engulfed in blazing flames. x2
You hear a shout!
The destroyer blinks!
You hear a shout! x3
The meat berserker hits you with a +9 battleaxe!!!
You die...

..X..X......... ...
....o.o...... .... .
#%LO.)))# ..o. #...
#..§XXoo# .....
....###..§○O§o###VO%..
....%.○..###VOo§......
.#....))))_§o@§O......
......☼#°%%.O#§§.....#
.....o.#_%xo_#@O@V....
......)#))...#%.....#.
.#.....).._V))...O..%.
......).z###.%...§§O.#
....###))V.M..###O.M2.
.... #.......# ..... .
#zx.....#


OW... .......... .... ........... You could see 2 accurseds, a tentacled
monstrosity, a meat beast, The Servant, 3 destroyers, 3 large bags of meat, a
large abomination, a dread, The Captor, 6 meat berserkers and 7 bags of meat.

Vanquished Creatures
  A greater mummy (D)
  10 vampire knights (D)
  15 ogres (D)
  6 two-headed ogres (D)
  A hydra (D)
  28 orcs (D)
  6 skeletal warriors (D)
  A large abomination (D)
  3 small abominations (D)
  9 crawling corpses (D)
80 creatures vanquished.

Vanquished Creatures (others)
  A hydra (D)
  6 orcs (D)
  A crawling corpse (D)
8 creatures vanquished.

Grand Total: 88 creatures vanquished

Notes
Turn   | Place    | Note
-------+----------+-------------------------------------------
     0 | D        | Found the +∞ Axe of Woe
     0 | D        | MisterOstroum the Hill Orc Gladiator began the quest for
                  | the Orb.
     0 | D        | Reached XP level 1. HP: 18/18 MP: 1/1
     2 | D        | Noticed a bag of meat
     3 | D        | Noticed a meat berserker
     4 | D        | Noticed a meat berserker
     5 | D        | Noticed a bag of meat
     6 | D        | Became a worshipper of Makhleb the Destroyer
     9 | D        | Killed a meat berserker
     9 | D        | Reached skill level 27 in Fighting
     9 | D        | Reached XP level 2. HP: 69/69 MP: 2/2
     9 | D        | Reached XP level 3. HP: 77/77 MP: 3/3
     9 | D        | Reached XP level 4. HP: 85/85 MP: 4/4
     9 | D        | Reached XP level 5. HP: 93/93 MP: 5/5
     9 | D        | Reached XP level 6. HP: 102/102 MP: 6/6
     9 | D        | Reached XP level 7. HP: 110/110 MP: 7/7
     9 | D        | Reached XP level 8. HP: 118/118 MP: 8/8
     9 | D        | Reached XP level 9. HP: 126/126 MP: 9/9
     9 | D        | Reached XP level 10. HP: 135/135 MP: 10/10
     9 | D        | Reached XP level 11. HP: 143/143 MP: 11/11
     9 | D        | Reached XP level 12. HP: 151/151 MP: 12/12
     9 | D        | Reached XP level 13. HP: 159/159 MP: 13/13
     9 | D        | Noticed a meat berserker
    10 | D        | Killed a bag of meat
    10 | D        | Reached * piety under Makhleb
    10 | D        | Reached skill level 27 in Axes
    10 | D        | Reached XP level 14. HP: 168/168 MP: 14/14
    10 | D        | Killed a bag of meat
    10 | D        | Reached skill level 10 in Dodging
    10 | D        | Noticed a bag of meat
    11 | D        | Killed a meat berserker
    11 | D        | Reached XP level 15. HP: 174/174 MP: 15/15
    12 | D        | Noticed a meat berserker
    15 | D        | Reached ** piety under Makhleb
    15 | D        | Reached skill level 15 in Dodging
    15 | D        | Reached XP level 16. HP: 183/183 MP: 16/16
    18 | D        | Noticed a meat berserker
    19 | D        | Reached skill level 27 in Armour
    20 | D        | Killed a meat berserker
    20 | D        | Reached XP level 17. HP: 191/191 MP: 17/17
    21 | D        | Noticed a large bag of meat
    22 | D        | Killed a meat berserker
    22 | D        | Reached *** piety under Makhleb
    22 | D        | Noticed a destroyer
    22 | D        | Noticed a meat berserker
    24 | D        | Noticed a destroyer
    25 | D        | Killed a destroyer
    25 | D        | Reached skill level 27 in Dodging
    25 | D        | Reached XP level 18. HP: 182/200 MP: 17/34
    25 | D        | Killed a meat berserker
    25 | D        | Reached skill level 27 in Invocations
    25 | D        | Reached skill level 10 in Unarmed Combat
    25 | D        | Reached XP level 19. HP: 207/207 MP: 17/36
    26 | D        | Noticed a large bag of meat
    26 | D        | Reached **** piety under Makhleb
    27 | D        | Noticed a large bag of meat
    27 | D        | Noticed a large bag of meat
    29 | D        | Killed a meat berserker
    29 | D        | Reached skill level 15 in Throwing
    29 | D        | Reached skill level 15 in Stealth
    30 | D        | Killed a destroyer
    30 | D        | Reached ***** piety under Makhleb
    30 | D        | Reached skill level 15 in Spellcasting
    30 | D        | Reached XP level 20. HP: 216/216 MP: 17/39
    31 | D        | Noticed a large bag of meat
    31 | D        | Noticed a meat berserker
    31 | D        | Noticed a destroyer
    31 | D        | Noticed an eight-headed meat hydra
    32 | D        | Reached XP level 21. HP: 224/224 MP: 17/43
    33 | D        | Noticed a large bag of meat
    35 | D        | Noticed an eight-headed meat hydra
    36 | D        | Killed a large bag of meat
    39 | D        | Killed a meat berserker
    39 | D        | Noticed a destroyer
    40 | D        | Killed a large bag of meat
    40 | D        | Reached skill level 27 in Unarmed Combat
    40 | D        | Reached XP level 22. HP: 233/233 MP: 19/47
    40 | D        | Noticed a large bag of meat
    42 | D        | Killed a large bag of meat
    42 | D        | Reached ****** piety under Makhleb
    43 | D        | Noticed a large bag of meat
    47 | D        | Noticed a destroyer
    48 | D        | Reached skill level 27 in Throwing
    48 | D        | Reached skill level 27 in Stealth
    48 | D        | Noticed a destroyer
    51 | D        | Noticed a large bag of meat
    53 | D        | Noticed a destroyer
    54 | D        | Noticed an accursed
    55 | D        | Noticed a destroyer
    56 | D        | Noticed a destroyer
    57 | D        | Killed a large bag of meat
    57 | D        | Reached skill level 27 in Spellcasting
    57 | D        | Reached XP level 23. HP: 240/240 MP: 21/54
    57 | D        | Killed a destroyer
    58 | D        | Killed a large bag of meat
    58 | D        | Noticed a destroyer
    58 | D        | Noticed a destroyer
    58 | D        | Noticed a destroyer
    59 | D        | Noticed a tyrant
    62 | D        | Killed a destroyer
    62 | D        | Reached XP level 24. HP: 249/249 MP: 22/54
    62 | D        | Killed a destroyer
    62 | D        | Killed a destroyer
    62 | D        | Reached XP level 25. HP: 257/257 MP: 22/54
    64 | D        | Killed a destroyer
    64 | D        | Noticed The Servant
    65 | D        | Noticed an accursed
    65 | D        | Noticed a large bag of meat
    67 | D        | Killed a destroyer
    67 | D        | Reached XP level 26. HP: 266/266 MP: 24/54
    68 | D        | Noticed The Captor
    69 | D        | Killed an accursed
    69 | D        | Killed a destroyer
    69 | D        | Reached XP level 27. HP: 200/273 MP: 24/54
    69 | D        | Noticed a destroyer
    70 | D        | Noticed a destroyer
    71 | D        | Noticed an accursed
    71 | D        | Noticed a large bag of meat
    71 | D        | Noticed a dread
    71 | D        | HP: 1/273 [The Servant/+9 glaive of flaming (41)]
    72 | D        | Killed a large bag of meat
    72 | D        | Killed a destroyer
    72 | D        | Noticed a meat beast
    72 | D        | Noticed a destroyer
    73 | D        | Noticed an accursed
    73 | D        | Demolished by a meat berserker

Levels and vault maps discovered:
D:        meatsprint

Skill      XL: |  1  2  3  4  5  6  7  8  9 10 11 12 13 14 15 16 17 18 19 20 21 22 |
---------------+-------------------------------------------------------------------+-----
Fighting       | 27 | 27.0
Axes           | 25 27 | 27.0
Armour         | 12 23 25 27 | 27.0
Dodging        | 7 14 15 22 27 | 27.0
Invocations    | 25 27 | 27.0
Throwing       | 9 18 20 24 27 | 27.0
Stealth        | 9 18 20 24 27 | 27.0
Unarmed Combat | 10 21 23 27 | 27.0
Spellcasting   | 7 15 18 21 27 | 27.0

Action                   |  1- 3 |  4- 6 |  7- 9 | 10-12 | 13-15 | 16-18 | 19-21 | 22-24 | 25-27 || total
-------------------------+-------+-------+-------+-------+-------+-------+-------+-------+-------++-------
Melee: Executioner's axe |     1 |       |       |       |     3 |     4 |     9 |    17 |     6 ||    40
  Use: Potion            |     1 |       |       |       |       |       |       |       |       ||     1
Armor: Leather armour    |       |       |       |       |       |       |       |       |     1 ||     1
Dodge: Dodged            |       |       |       |       |       |     1 |       |     2 |       ||     3

Table legend:
 A = Non-vault XP
 B = Vault XP
 C = Vault XP percentage of total XP
 D = Non-vault monster count
 E = Vault monster count
 F = Vault count percentage of total count
                 A         B        C        D         E       F
            +---------+---------+-------+---------+---------+-------
      Total | 1150396 |  210455 |  15.5 |      45 |      26 |  36.6
            +---------+---------+-------+---------+---------+-------
          D | 1150396 |  210455 |  15.5 |      45 |      26 |  36.6
            +---------+---------+-------+---------+---------+-------
